 Dungeon Crawl Stone Soup version 0.30.1-11-g7821555f0a (webtiles) character file.

Game seed: 14142541854327388809

184 ChrisAssaf the Magician (level 5, 0/55 HPs)
             Began as a Djinni Venom Mage on Jan 4, 2024.
             Slain by a hound (1 damage)
             ... on level 4 of the Dungeon.
             The game lasted 00:08:06 (1675 turns).

ChrisAssaf the Magician (Djinni Venom Mage)         Turns: 1675, Time: 00:08:06

Health: 0/55       AC: 22    Str:  7    XL:     5   Next: 95%
Gold:   139        EV:  2    Int: 19    God:
                   SH:  0    Dex: 13

rFire   . . .        c - +0 dagger
rCold   . . .        (no shield)
rNeg    . . .        a - melded +1 robe
rPois   ∞            (helmet currently unavailable)
rElec   .            (cloak currently unavailable)
rCorr   .            (gloves currently unavailable)
SInv    +            (boots unavailable)
Will    .....        (no amulet)
Stlth   ++           b - ring of see invisible
HPRegen 0.29/turn    (no ring)
MPRegen 0.00/turn

%: infuse magic (-1 HP)
@: tree-form
A: stationary, stasis, torment immunity, boosted hp, sickness immunity, (fire
resistance 2), (cold vulnerability 1), float, innate caster, HP casting, extra
vitality 1
a: no special abilities


You were on level 4 of the Dungeon.
You were a tree.
You visited 2 branches of the dungeon, and saw 5 of its levels.

You collected 139 gold pieces.

Inventory:

Hand Weapons
 c - a +0 dagger (weapon)
Armour
 a - a +1 robe (melded)
Jewellery
 b - a ring of see invisible (left branch)
Wands
 f - a wand of flame (19)
Potions
 e - a potion of lignification


   Skills:
 * Level 1.2 Fighting
 * Level 0.9 Short Blades
 * Level 1.3 Armour
 * Level 2.7 Dodging
 * Level 2.2 Stealth
 * Level 3.7 Spellcasting
 * Level 0.7 Evocations


You knew the following spells:

 Your Spells              Type           Power      Damage    Failure   Level
a - Sting                 Tmut/Pois      68%        1d6       3%          1
b - Poisonous Vapours     Pois/Air       34%        N/A       4%          2
c - Mephitic Cloud        Conj/Pois/Air  17%        N/A       10%         3
d - Olgreb's Toxic Radia  Pois           17%        N/A       30%         4
e - Shock                 Conj/Air       68%        1d7       3%          1
f - Blink                 Tloc           34%        N/A       4%          2
Your spell library was empty.

Dungeon Overview and Level Annotations

Branches:
Dungeon (4/15)             Temple (1/1) D:4

Altars:
Dithmenos
Fedhas
Gozag
Hepliaklqana
Makhleb
Qazlal
Yredelemnul
The Shining One

Shops:
D:2 *


Innate Abilities, Weirdness & Mutations

You are a tree.
Your roots penetrate the ground, keeping you stationary.
You cannot be teleported.
You are immune to unholy pain and torment.
Your maximum health is greatly increased.
Your equipment is partially melded.
You are immune to sickness and miasma.
You are immune to poison.
((Your flesh is very heat resistant. (rF++)))
((You are vulnerable to cold. (rC-)))
You float through the air rather than walking.
You learn spells naturally, not from books.
Your magical power is your life essence.
You have superior vitality. (+4 MHP)


Message History

* * * LOW HITPOINT WARNING * * *
Unknown command.
Really quaff the potion of lignification?
You turn into a tree.
Your +1 robe melds into your body.
Your roots penetrate the ground.
The hound bites you but does no damage. The hound barely misses you.
You closely miss the hound.
The hound is moderately wounded.
The hound bites you.
* * * LOW HITPOINT WARNING * * *
You hit the hound but do no damage.
The hound is moderately wounded.
The hound bites you.
* * * LOW HITPOINT WARNING * * *
The hound bites you but does no damage.
You hit the hound.
The hound is heavily wounded.
The hound barely misses you.
Your magical contamination has completely faded away.
You hit the hound but do no damage.
The hound is heavily wounded.
The hound bites you.
* * * LOW HITPOINT WARNING * * *
The hound bites you but does no damage.
You barely miss the hound.
The hound is heavily wounded.
The hound bites you but does no damage.
You closely miss the hound.
The hound is heavily wounded.
The hound bites you but does no damage.
Casting: Sting (safe; 3% risk of failure)
Confirm with . or Enter, or press ? or * to list all spells.
Aiming: Sting (safe; 3% risk of failure)
Press: ? - help, Shift-Dir - straight line, f/p - hound
Aim: a hound (heavily wounded, 64% to hit)
The sting hits the hound.
The hound is poisoned.
The hound is severely wounded.
* * * LOW HITPOINT WARNING * * *
The hound bites you.
You die...

#.#.###.#####..#
#.#.#..........#
#.#.#.#.######.#
#.###.#............#
#.........#.########
#####.#####.# #.#
#># #########.# #.#
......h♣..# #.#
########### #.# #.#


You could see a hound (poisoned).

Vanquished Creatures
  A scorpion (D:4)
  An orc wizard (D:4)
  5 adders
  3 worms
  A dart slug (D:1)
  2 orcs (D:4)
  3 endoplasms
  3 goblins (D:1)
  3 hobgoblins (D:2)
  3 jackals
  7 quokkas
  4 ball pythons
  3 bats (D:2)
  2 kobolds (D:2)
  3 rats (D:2)
44 creatures vanquished.

Notes
Turn   | Place    | Note
-------+----------+-------------------------------------------
     0 | D:1      | ChrisAssaf the Djinni Venom Mage began the quest for the
                  | Orb.
     0 | D:1      | ChrisAssaf set off with the following spells memorised:
                  | Sting, Poisonous Vapours, Mephitic Cloud, Olgreb's Toxic
                  | Radiance.
     0 | D:1      | Reached XP level 1. HP: 15/15 MP: 0/0
   200 | D:1      | Reached XP level 2. HP: 21/21 MP: 0/0
   403 | D:2      | Found Xupt's General Store.
   488 | D:2      | Reached XP level 3. HP: 26/26 MP: 0/0
   488 | D:2      | Learned a level 1 spell: Shock
   752 | D:2      | Reached skill level 3 in Spellcasting
  1085 | D:3      | Reached XP level 4. HP: 20/31 MP: 0/0
  1359 | D:4      | Found a staircase to the Ecumenical Temple.
  1365 | Temple   | Entered the Ecumenical Temple
  1515 | D:4      | Reached skill level 1 in Fighting
  1515 | D:4      | Reached skill level 1 in Armour
  1515 | D:4      | Reached XP level 5. HP: 17/37 MP: 0/0
  1515 | D:4      | Learned a level 2 spell: Blink
  1672 | D:4      | HP: 2/55 [hound (2)]
  1675 | D:4      | Slain by a hound

Illustrated notes

Levels and vault maps discovered:
D:1:      lemuel_arrival_hallway, layout_loops_cross,
          shapermc_ecumenical_altar_gd, serial_bayou_pond_c, minmay_hedge_maze,
          hangedman_decor_clover_reticule
D:2:      layout_loops_corners, basic_altar, serial_shops, shop
D:3:      layout_basic, gammafunk_ghost_necromancy,
          minmay_misc_feat_four_crosses
D:4:      layout_loops_ring, lemuel_doored_altar, slow_altar_2,
          minmay_temple_entry_fiery, portal_sewer_entry_e
Temple:   nicolae_temple_cloud_nine

Skill      XL: |  1  2  3  4 |
---------------+-------------+-----
Spellcasting   | 3 |  3.7
Stealth        | 2 |  2.2
Fighting       | 1 |  1.2
Armour         | 1 |  1.3
Short Blades   | |  0.9
Dodging        | |  2.7
Evocations     | |  0.7

Action                     |  1- 3 |  4- 6 || total
---------------------------+-------+-------++-------
  Melee: Dagger            |    23 |    32 ||    55
   Cast: Sting             |    17 |    13 ||    30
         Poisonous Vapours |    20 |     4 ||    24
         Olgreb's Toxic Ra |       |     4 ||     4
  Evoke: Wand              |       |     2 ||     2
    Use: Scroll            |     1 |     2 ||     3
         Potion            |       |     3 ||     3
   Stab: Sleeping          |     4 |       ||     4
 Armour: Robe              |    16 |     6 ||    22
         Skin              |       |     5 ||     5
  Dodge: Dodged            |    41 |    29 ||    70
